[Event "Titled Tuesday Blitz March 28 Early 2023"]
[White "Yoo, Christopher Woojin"]
[Black "Preotu, Razvan"]
[WhiteFideId "30909694"]
[BlackFideId "2613280"]
[WhiteElo "2519"]
[BlackElo "2407"]
[Result "0-1"]
[Round "05"]
[TimeControl "180+2"]
[Date "2023.03.28"]
[WhiteClock "0:00:03"]
[BlackClock "0:00:16"]

1. e4 e6 2. d3 d5 3. Nd2 Nf6 4. Ngf3 Nc6 5. g3 dxe4 6. dxe4 Bc5 7. Bb5 O-O 8. O-O e5 9. Nb3 Bd6 10. Bxc6 bxc6 11. Re1 Bg4 12. Qd3 h6 13. Nh4 Qc8 14. f3 Be6 15. Be3 Rd8 16. Qc3 a5 17. Nxa5 c5 18. Bxc5 Bxc5+ 19. Qxc5 Rd2 20. Nc6 Qb7 21. b3 Ra6 22. Nxe5 Rad6 23. Nd3 Rc6 24. Qe3 Rcxc2 25. Rac1 Qc6 26. Rxc2 Qxc2 27. Nb4 Qb2 28. Nd3 Qc3 29. Nf4 Qc2 0-1


[Site "https://www.chess.com"]

[Event "Titled Tuesday Blitz March 28 Early 2023"]
[White "Aradhya, Garg"]
[Black "Demchenko, Anton"]
[WhiteFideId "25006746"]
[BlackFideId "4160258"]
[WhiteElo "2263"]
[BlackElo "2545"]
[Result "1-0"]
[Round "05"]
[TimeControl "180+2"]
[Date "2023.03.28"]
[WhiteClock "0:00:06"]
[BlackClock "0:00:02"]

1. d4 d5 2. c4 c6 3. Nf3 Nf6 4. Nc3 e6 5. Bg5 Nbd7 6. e3 Be7 7. Rc1 h6 8. Bh4 O-O 9. Bd3 dxc4 10. Bxc4 b5 11. Bd3 Bb7 12. O-O a6 13. a4 Rc8 14. Bxf6 Nxf6 15. Ne4 Nxe4 16. Bxe4 Bd6 17. axb5 axb5 18. Qd2 Qe7 19. Rc2 Rfd8 20. Rfc1 Qe8 21. b4 f5 22. Bd3 Qe7 23. Rb2 Ra8 24. Qc3 Ra4 25. Rcb1 Rda8 26. Bc2 Ra3 27. Rb3 Ra2 28. e4 fxe4 29. Bxe4 Qf6 30. Bxc6 Rc8 31. d5 Qxc3 32. Rxc3 e5 33. Rcc1 Ba6 34. Nh4 Ra4 35. Nf5 Bf8 36. d6 Rd8 37. Ra1 Bc8 38. Rxa4 bxa4 39. Ne7+ Kh8 40. Ng6+ Kg8 41. Bd5+ Kh7 42. Nxf8+ Rxf8 43. Be4+ Kh8 44. Bc6 a3 45. d7 Bxd7 46. Bxd7 Ra8 47. Ra1 Rb8 48. Rxa3 Rxb4 49. g3 1-0


[Site "https://www.chess.com"]

[Event "Titled Tuesday Blitz March 28 Early 2023"]
[White "Alekseenko, Kirill"]
[Black "Danielyan, Vahe"]
[WhiteFideId "4135539"]
[BlackFideId "13304828"]
[WhiteElo "2683"]
[BlackElo "2423"]
[Result "1/2-1/2"]
[Round "05"]
[TimeControl "180+2"]
[Date "2023.03.28"]
[WhiteClock "0:00:04"]
[BlackClock "0:00:05"]

1. d4 Nf6 2. Nc3 d5 3. Bf4 a6 4. e3 c5 5. dxc5 Nc6 6. Nf3 Bg4 7. h3 Bxf3 8. Qxf3 e6 9. Bg5 Bxc5 10. Bd3 h6 11. Bh4 Ne5 12. Qe2 Nxd3+ 13. Qxd3 Be7 14. O-O O-O 15. Rad1 Rc8 16. Ne2 Rc4 17. Bxf6 Bxf6 18. c3 b5 19. Nd4 Qc7 20. a3 Rc8 21. Rfe1 Bxd4 22. exd4 a5 23. Re3 b4 24. cxb4 axb4 25. a4 Qa7 26. b3 Rc3 27. Qe2 Rxe3 28. Qxe3 Rc3 29. Rd3 Qc7 30. g3 Rc1+ 31. Kg2 Qc2 32. Qd2 Qb1 33. Re3 Rg1+ 34. Kf3 Qf5+ 35. Ke2 Qxh3 36. Qxb4 Qf1+ 37. Kf3 Qd1+ 38. Re2 g5 39. Ke3 Qc1+ 40. Qd2 Qb1 41. Qc2 Qa1 42. Qb2 Qd1 43. a5 Re1 44. Kf3 g4+ 45. Ke3 Rxe2+ 46. Qxe2 Qxb3+ 47. Kf4 Qb4 48. Qxg4+ Kf8 49. Kf3 Qxa5 50. Qh4 Qd2 51. Kg2 Qg5 52. Qh1 Kg7 53. Qa1 Qf6 54. Qa4 h5 55. Qd1 Kg6 56. Qd3+ Qf5 57. Qd1 Qe4+ 58. Kh2 Qg4 59. Qd3+ Qe4 60. Qd2 h4 61. Qc3 hxg3+ 62. Qxg3+ Kf6 63. Qc3 Qf4+ 64. Kg2 Kg5 65. Kf1 Kf6 66. Kg2 Qg5+ 67. Kf1 Qf5 68. Kg2 Qe4+ 69. Kf1 Kg6 70. Kg1 f5 71. Kf1 Kf6 72. Qc8 Qd3+ 73. Kg2 Qe4+ 74. Kf1 Qf4 75. Qf8+ Kg6 76. Qg8+ Kh5 77. Qxe6 Qxd4 78. Qxf5+ Kh6 79. Qe6+ Kg5 80. Qe7+ Kf5 81. Qf8+ Ke4 82. Qe7+ Kd3 83. Qe2+ Kc3 84. Kg2 Qe4+ 85. Qxe4 dxe4 86. Kg3 Kd3 87. Kf4 Ke2 88. Kxe4 Kxf2 1/2-1/2


[Site "https://www.chess.com"]

[Event "Titled Tuesday Blitz March 28 Early 2023"]
[White "Papasimakopoulos, Alexandros"]
[Black "So, Wesley"]
[WhiteFideId "4244125"]
[BlackFideId "5202213"]
[WhiteElo "2359"]
[BlackElo "2739"]
[Result "0-1"]
[Round "05"]
[TimeControl "180+2"]
[Date "2023.03.28"]
[WhiteClock "0:00:13"]
[BlackClock "0:00:16"]

1. d4 d5 2. c4 e6 3. Nc3 Nf6 4. cxd5 exd5 5. Bg5 Be7 6. e3 h6 7. Bh4 Bg4 8. Qb3 Nbd7 9. h3 Be6 10. Nf3 c5 11. Bg3 c4 12. Qxb7 O-O 13. Be2 Qa5 14. Bc7 Qb4 15. Qxb4 Bxb4 16. O-O Rfc8 17. Bf4 g5 18. Bh2 Bxc3 19. bxc3 Ne4 20. Rfc1 Bf5 21. Kf1 Rc6 22. g4 Bg6 23. Ne1 Re8 24. Rc2 Rb6 25. Rac1 Nef6 26. Rd2 Ne4 27. Rdc2 Ree6 28. Ng2 Nef6 29. Rd2 Ne4 30. Rdc2 Nd6 31. Rd2 Nb5 32. a4 Na3 33. Ra2 Rb1 34. Ra1 Reb6 35. f3 Rxa1 36. Rxa1 Nb1 37. e4 Nxc3 38. exd5 Bd3 39. Bxd3 cxd3 40. Ne3 Rb2 41. Bg3 Nf6 42. Be1 Nfxd5 43. Nxd5 Nxd5 44. Rd1 Ne3+ 45. Kg1 Nxd1 0-1


[Site "https://www.chess.com"]

[Event "Titled Tuesday Blitz March 28 Early 2023"]
[White "Vachier-Lagrave, Maxime"]
[Black "Zhigalko, Sergei"]
[WhiteFideId "623539"]
[BlackFideId "13502956"]
[WhiteElo "2740"]
[BlackElo "2626"]
[Result "1-0"]
[Round "05"]
[TimeControl "180+2"]
[Date "2023.03.28"]
[WhiteClock "0:00:35"]
[BlackClock "0:00:02"]

1. e4 c5 2. Nf3 Nc6 3. Bb5 Nf6 4. Nc3 Qc7 5. O-O Nd4 6. Re1 a6 7. Bc4 d6 8. Nd5 Nxd5 9. Bxd5 e6 10. Nxd4 cxd4 11. Bb3 Be7 12. c3 Bf6 13. c4 O-O 14. d3 b5 15. cxb5 axb5 16. Bd2 Bd7 17. Rc1 Qb6 18. Qh5 Rfc8 19. Bb4 h6 20. f4 Rxc1 21. Rxc1 Rc8 22. Rxc8+ Bxc8 23. Qd1 Bd7 24. Qc2 Bd8 25. a3 Bf6 26. Kf2 Bh4+ 27. g3 Bd8 28. Ke1 Bf6 29. Kd1 Bd8 30. Kc1 Bf6 31. Kb1 Bd8 32. Ka2 Bf6 33. h4 Bd8 34. h5 Bf6 35. g4 Bd8 36. Qg2 Qc6 37. g5 hxg5 38. fxg5 Qc1 39. g6 Qf4 40. gxf7+ Qxf7 41. Bxd6 Qxh5 42. e5 Qe8 43. Qe4 Bb6 44. Qb7 Qd8 45. Bd1 Kh7 46. Bh5 Kh8 47. Bg6 Kg8 48. Qh1 1-0


[Site "https://www.chess.com"]

[Event "Titled Tuesday Blitz March 28 Early 2023"]
[White "Shimanov, Aleksandr"]
[Black "Fedoseev, Vladimir"]
[WhiteFideId "4198603"]
[BlackFideId "24130737"]
[WhiteElo "2631"]
[BlackElo "2752"]
[Result "1-0"]
[Round "05"]
[TimeControl "180+2"]
[Date "2023.03.28"]
[WhiteClock "0:00:09"]
[BlackClock "0:00:11"]

1. e4 c6 2. d4 d5 3. Nc3 dxe4 4. Nge2 f5 5. f3 exf3 6. gxf3 e5 7. dxe5 Qh4+ 8. Ng3 f4 9. Qd4 g5 10. Ne4 Be6 11. Nxg5 Qxg5 12. Bxf4 Bc5 13. Qd2 Qd8 14. Bd3 Qd5 15. Ne4 Nd7 16. c4 Qd4 17. O-O-O O-O-O 18. Rhe1 Be7 19. Be3 Qxe5 20. Ng5 Nc5 21. Bxc5 Qxg5 22. f4 Qxc5 23. Rxe6 Nf6 24. Qe2 Rd7 25. Re5 Qb4 26. a3 Qb6 27. Rxe7 Rxe7 28. Qxe7 Nd7 29. Bf5 Kb8 30. Qxd7 a6 31. Qd6+ Ka8 32. Qd4 Qxd4 33. Rxd4 Rf8 34. Bxh7 Rf7 35. Bd3 c5 36. Rd5 Rxf4 37. Rxc5 Rh4 38. Rc8+ Ka7 39. Kc2 Rxh2+ 40. Kc3 Rh3 41. b4 a5 42. bxa5 Rh5 43. Kb4 Rh4 44. Rc5 Rh3 45. Rd5 Re3 46. Rd7 Kb8 47. c5 Kc8 48. Rd6 Kb8 49. a6 bxa6 50. Bxa6 Kc7 51. Bb5 Re4+ 52. Bc4 Re1 53. a4 Rb1+ 54. Bb3 Rc1 55. a5 Kb7 56. Bd5+ Ka7 57. Rd7+ Ka6 58. Bc4+ Rxc4+ 59. Kxc4 1-0


[Site "https://www.chess.com"]

[Event "Titled Tuesday Blitz March 28 Early 2023"]
[White "Grigoriants, Sergey"]
[Black "Duda, Jan-Krzysztof"]
[WhiteFideId "4130804"]
[BlackFideId "1170546"]
[WhiteElo "2502"]
[BlackElo "2790"]
[Result "1-0"]
[Round "05"]
[TimeControl "180+2"]
[Date "2023.03.28"]
[WhiteClock "0:00:18"]
[BlackClock "0:00:02"]

1. d4 d5 2. c4 e6 3. Nc3 Nf6 4. cxd5 exd5 5. Bg5 c6 6. e3 Be7 7. Bd3 h6 8. Bh4 Nbd7 9. Qc2 Nh5 10. Bxe7 Qxe7 11. Nf3 Nhf6 12. O-O-O O-O 13. Kb1 Re8 14. Rhg1 Ne4 15. g4 a5 16. h4 Nf8 17. g5 h5 18. Ne5 Nxc3+ 19. Qxc3 c5 20. Bb5 Bf5+ 21. Ka1 Rec8 22. Bd3 cxd4 23. Qxd4 Bxd3 24. Nxd3 Rc4 25. Qxd5 Rxh4 26. Nf4 g6 27. a3 a4 28. Rd4 Rh2 29. Rd2 Rc8 30. Qd4 Nh7 31. Nd5 Qc5 32. Qe5 Rh3 33. Ne7+ Kf8 34. Rd5 1-0


[Site "https://www.chess.com"]

[Event "Titled Tuesday Blitz March 28 Early 2023"]
[White "Rustemov, Alexander"]
[Black "Paravyan, David"]
[WhiteFideId "4119002"]
[BlackFideId "4194985"]
[WhiteElo "2870"]
[BlackElo "2577"]
[Result "0-1"]
[Round "05"]
[TimeControl "180+2"]
[Date "2023.03.28"]
[WhiteClock "0:00:15"]
[BlackClock "0:00:25"]

1. d4 Nf6 2. Nf3 g6 3. c4 Bg7 4. g3 c6 5. Bg2 d5 6. Nc3 dxc4 7. O-O O-O 8. e4 Bg4 9. Be3 e5 10. h3 Bxf3 11. Bxf3 exd4 12. Bxd4 Nfd7 13. Be2 Bxd4 14. Qxd4 Nb6 15. Rad1 Qxd4 16. Rxd4 Na6 17. Rfd1 Nc7 18. f4 Ne6 19. R4d2 Rad8 20. Kf2 Rxd2 21. Rxd2 Re8 22. e5 Nc5 23. Rd4 Kg7 24. Bxc4 f6 25. exf6+ Kxf6 26. Be2 a5 27. a3 Kg7 28. g4 Rf8 29. Kg3 Re8 30. Kf3 Rf8 31. g5 Ne6 32. Rd6 Nxg5+ 33. Kg3 Nf7 34. Rd4 Re8 0-1


[Site "https://www.chess.com"]

[Event "Titled Tuesday Blitz March 28 Early 2023"]
[White "Gholami Orimi, Mahdi"]
[Black "Kezin, Roman"]
[WhiteFideId "12558486"]
[BlackFideId "24124621"]
[WhiteElo "2363"]
[BlackElo "2497"]
[Result "1-0"]
[Round "05"]
[TimeControl "180+2"]
[Date "2023.03.28"]
[WhiteClock "0:02:11"]
[BlackClock "0:00:19"]

1. d4 g6 2. c4 Bg7 3. Nc3 c5 4. d5 Bxc3+ 5. bxc3 f5 6. e4 fxe4 7. f3 e5 8. fxe4 d6 9. Bd3 Nf6 10. Nf3 Bg4 11. O-O O-O 12. Bh6 Rf7 13. Qd2 Bxf3 14. Rxf3 Ng4 15. Rxf7 Kxf7 16. Rf1+ Nf6 17. Be2 Nd7 18. Bg4 Kg8 19. Be6+ Kh8 20. Qe3 Ng8 21. Rf7 1-0


[Site "https://www.chess.com"]

[Event "Titled Tuesday Blitz March 28 Early 2023"]
[White "Bacrot, Etienne"]
[Black "Kosteniuk, Alexandra"]
[WhiteFideId "605506"]
[BlackFideId "4128125"]
[WhiteElo "2663"]
[BlackElo "2453"]
[Result "1-0"]
[Round "05"]
[TimeControl "180+2"]
[Date "2023.03.28"]
[WhiteClock "0:00:53"]
[BlackClock "0:00:06"]

1. e4 e5 2. Nf3 Nc6 3. Bb5 a6 4. Ba4 Nf6 5. O-O b5 6. Bb3 Be7 7. Re1 O-O 8. a4 b4 9. d3 d6 10. Nbd2 Na5 11. Ba2 c5 12. c3 Rb8 13. Nf1 b3 14. Bb1 Re8 15. d4 Bg4 16. dxe5 Bxf3 17. Qxf3 dxe5 18. Bd3 c4 19. Be2 Nd7 20. Ne3 Qc8 21. Qg3 Bf8 22. Bg4 Qc6 23. Nd5 Nc5 24. Bg5 Nxe4 25. Rxe4 Qxd5 26. Rae1 Nc6 27. Bf3 Qc5 28. Be3 Qd6 29. Rxc4 Ne7 30. Qh3 Qg6 31. Rg4 Qe6 32. Be4 f5 33. Rh4 Qg6 34. Bd3 Red8 35. Bc4+ Kh8 36. Bf7 Qxf7 37. Rxh7+ Kg8 38. Rh8# 1-0


[Site "https://www.chess.com"]

[Event "Titled Tuesday Blitz March 28 Early 2023"]
[White "Bolourchifard, Farzad"]
[Black "Terry, Renato"]
[WhiteFideId "12510084"]
[BlackFideId "3803457"]
[WhiteElo "2317"]
[BlackElo "2579"]
[Result "1/2-1/2"]
[Round "05"]
[TimeControl "180+2"]
[Date "2023.03.28"]
[WhiteClock "0:00:04"]
[BlackClock "0:00:07"]

1. e4 e6 2. d4 d5 3. exd5 exd5 4. Nf3 Nc6 5. c3 Bd6 6. Be2 Nge7 7. O-O O-O 8. Bg5 f6 9. Bh4 Bf5 10. Nbd2 Re8 11. Re1 Qd7 12. Nf1 Ng6 13. Bg3 Nf4 14. Bxf4 Bxf4 15. Bd3 Rxe1 16. Nxe1 Re8 17. Bxf5 Qxf5 18. Nf3 Re7 19. Qb3 b6 20. Qb5 Qd7 21. Re1 Rxe1 22. Nxe1 Ne5 23. Qa6 Nc6 24. Nd3 Bh6 25. Qb7 a5 26. Qa8+ Kf7 27. Ne1 Ne7 28. Nc2 Qa4 29. Nce3 Bxe3 30. Nxe3 Qxa2 31. h3 Qxb2 32. Nxd5 Qb1+ 33. Kh2 Qe4 34. c4 Nxd5 35. cxd5 Qxd4 36. Qc6 Qf4+ 37. Kg1 Qd6 38. Qc4 Qc5 39. Qe4 Qd6 40. h4 g6 41. g3 a4 42. Qxa4 Qxd5 43. Qc2 c5 44. Qb2 Qc6 45. Qa2+ c4 46. Qa7+ Kg8 47. Qb8+ Kg7 48. Qa7+ Kh6 49. Qf7 c3 50. Qf8+ Kh5 51. Qg7 c2 52. Qxh7+ Kg4 53. Qxg6+ Kf3 54. Qd3+ Kg4 55. Qg6+ Kf3 56. Qd3+ Kg4 57. Qg6+ 1/2-1/2


[Site "https://www.chess.com"]

[Event "Titled Tuesday Blitz March 28 Early 2023"]
[White "Araujo Sanchez, Josue"]
[Black "Hansen, Eric"]
[WhiteFideId "6416896"]
[BlackFideId "2606771"]
[WhiteElo "2416"]
[BlackElo "2569"]
[Result "0-1"]
[Round "05"]
[TimeControl "180+2"]
[Date "2023.03.28"]
[WhiteClock "0:01:12"]
[BlackClock "0:01:08"]

1. c4 e5 2. Nc3 Bb4 3. g3 Bxc3 4. bxc3 d6 5. Bg2 Nc6 6. d3 f5 7. Rb1 Nge7 8. Nh3 O-O 9. f4 b6 10. O-O Bb7 11. fxe5 dxe5 12. Ng5 Qd7 13. c5 Na5 14. Bxb7 Nxb7 15. Qb3+ Qd5 16. Ne6 Rf7 17. Nxc7 Qxc5+ 18. d4 Qxc7 19. e4 Na5 20. Qe6 Qxc3 0-1


[Site "https://www.chess.com"]

[Event "Titled Tuesday Blitz March 28 Early 2023"]
[White "Galchenko, Matvey"]
[Black "Nakamura, Hikaru"]
[WhiteFideId "24175480"]
[BlackFideId "2016192"]
[WhiteElo "2404"]
[BlackElo "2879"]
[Result "0-1"]
[Round "05"]
[TimeControl "180+2"]
[Date "2023.03.28"]
[WhiteClock "0:00:06"]
[BlackClock "0:01:25"]

1. f4 d5 2. Nf3 g6 3. g3 Bg7 4. Bg2 c5 5. O-O Nh6 6. d3 d4 7. e4 dxe3 8. Nc3 Nf5 9. Ne4 Nc6 10. c3 b6 11. Qe2 Ba6 12. Rd1 Qd7 13. Bxe3 Rd8 14. Nf2 O-O 15. Qe1 Rfe8 16. Ne5 Nxe5 17. fxe5 Bxe5 18. Bxc5 Bxg3 19. hxg3 bxc5 20. Ne4 Qc7 21. g4 Nd6 22. Qg3 Bb7 23. Re1 Bxe4 24. Bxe4 Qb6 25. Re2 Nxe4 26. dxe4 c4+ 27. Qf2 Qe6 28. Qg2 Rd3 29. Rf1 Qe5 30. Qh2 Qg5 31. Qf4 Qxf4 32. Rxf4 e5 33. Rf6 Re6 34. Rxe6 fxe6 35. Kg2 a5 36. Rc2 a4 37. Kf2 Kg7 38. Re2 Kf6 0-1


[Site "https://www.chess.com"]

[Event "Titled Tuesday Blitz March 28 Early 2023"]
[White "Boyer, Mahel"]
[Black "Naroditsky, Daniel"]
[WhiteFideId "45102422"]
[BlackFideId "2026961"]
[WhiteElo "2439"]
[BlackElo "2633"]
[Result "1-0"]
[Round "05"]
[TimeControl "180+2"]
[Date "2023.03.28"]
[WhiteClock "0:00:03"]
[BlackClock "0:00:02"]

1. d4 Nf6 2. c4 g6 3. Nc3 Bg7 4. e4 d6 5. Be2 O-O 6. h3 e5 7. d5 Nbd7 8. h4 Nc5 9. Qc2 c6 10. h5 cxd5 11. cxd5 Qb6 12. Be3 Bd7 13. h6 Bh8 14. Nh3 Rfc8 15. Ng5 Qa5 16. Qd2 Nb3 17. axb3 Qxa1+ 18. Bd1 Ng4 19. O-O Qa5 20. Bxg4 Bxg4 21. f4 exf4 22. Rxf4 f6 23. Ne6 Bxe6 24. dxe6 Re8 25. Qd5 Qxd5 26. exd5 f5 27. Nb5 Be5 28. Rc4 Rac8 29. Bxa7 Kf8 30. Bb6 Ke7 31. Bc7 g5 32. Kf2 g4 33. Ke3 f4+ 34. Ke4 Rf8 35. Bb6 f3 36. gxf3 Rxc4+ 37. bxc4 Rf4+ 38. Ke3 gxf3 39. Kf2 Rxc4 40. Be3 Rb4 41. Bg5+ Kf8 42. Nc7 Rxb2+ 43. Kxf3 Rb3+ 44. Ke4 Rb4+ 45. Kf5 Kg8 46. e7 1-0


[Site "https://www.chess.com"]

[Event "Titled Tuesday Blitz March 28 Early 2023"]
[White "Bortnyk, Olexandr"]
[Black "Zemlyanskii, Ivan"]
[WhiteFideId "14120828"]
[BlackFideId "24249971"]
[WhiteElo "2734"]
[BlackElo "2233"]
[Result "1-0"]
[Round "05"]
[TimeControl "180+2"]
[Date "2023.03.28"]
[WhiteClock "0:01:39"]
[BlackClock "0:00:03"]

1. d4 d5 2. Nc3 Nf6 3. Bf4 c5 4. e4 Nxe4 5. Nxe4 dxe4 6. dxc5 Qa5+ 7. c3 Qxc5 8. Qa4+ Nc6 9. Qxe4 g6 10. Nf3 Bg7 11. Rd1 O-O 12. Be3 Qa5 13. Bc4 Bf5 14. Qh4 Rad8 15. O-O Rxd1 16. Rxd1 Rd8 17. Re1 Ne5 18. Nxe5 Qxe5 19. Bd2 Rxd2 20. Rxe5 Rd1+ 21. Bf1 Bd3 22. g4 Bxe5 23. Qxe7 Rxf1+ 24. Kg2 Rb1 25. Qxe5 Rxb2 26. Qb8+ Kg7 27. Qxa7 Be4+ 28. Kg3 Bc6 29. h4 Rb5 30. c4 Re5 31. Qd4 f6 32. g5 Rf5 33. f4 Kf7 34. Qd8 fxg5 35. hxg5 Rc5 36. Qf6+ Kg8 37. Qe6+ Kh8 38. Qf6+ Kg8 39. Qd8+ Kf7 40. Qh8 Rxc4 41. Qxh7+ Kf8 42. Qh8+ Kf7 43. Qf6+ Ke8 44. Qe6+ 1-0


[Site "https://www.chess.com"]

[Event "Titled Tuesday Blitz March 28 Early 2023"]
[White "Smirnov, Pavel"]
[Black "Kollars, Dmitrij"]
[WhiteFideId "4123425"]
[BlackFideId "12909572"]
[WhiteElo "2519"]
[BlackElo "2584"]
[Result "0-1"]
[Round "05"]
[TimeControl "180+2"]
[Date "2023.03.28"]
[WhiteClock "0:00:02"]
[BlackClock "0:00:19"]

1. d4 Nf6 2. c4 e6 3. g3 d5 4. Nf3 Bb4+ 5. Bd2 a5 6. Bg2 O-O 7. Qc2 c5 8. cxd5 cxd4 9. Nxd4 Qb6 10. e3 exd5 11. O-O Nc6 12. Nxc6 bxc6 13. Rc1 Bd7 14. Nc3 Rab8 15. Na4 Qb5 16. Bxb4 Qxb4 17. b3 h5 18. Nc5 Rbc8 19. a3 Qb6 20. Qc3 Bf5 21. Qd4 Rfe8 22. Rc3 Ng4 23. Rac1 Ne5 24. h4 Bg4 25. Ne6 Qb8 26. Nxg7 Kxg7 27. f4 f6 28. fxe5 fxe5 29. Qd2 Re6 30. e4 d4 31. Rc5 Kh7 32. Rf1 Rc7 33. Qxa5 Rg7 34. Qd2 Qxb3 35. Kh2 Qxa3 36. Ra5 Qb3 37. Rf8 Qe3 38. Raa8 Qxd2 0-1


[Site "https://www.chess.com"]

[Event "Titled Tuesday Blitz March 28 Early 2023"]
[White "Firouzja, Alireza"]
[Black "Albornoz Cabrera, Carlos Daniel"]
[WhiteFideId "12573981"]
[BlackFideId "3518736"]
[WhiteElo "2904"]
[BlackElo "2501"]
[Result "1-0"]
[Round "05"]
[TimeControl "180+2"]
[Date "2023.03.28"]
[WhiteClock "0:00:43"]
[BlackClock "0:00:26"]

1. d4 Nf6 2. c4 g6 3. Nc3 Bg7 4. e4 d6 5. h3 O-O 6. Be3 e5 7. d5 a5 8. c5 Ne8 9. Nf3 dxc5 10. Bxc5 Nd6 11. Bd3 Na6 12. Be3 f5 13. Rc1 f4 14. Bd2 Bd7 15. Ne2 Nb4 16. Bxb4 axb4 17. Qb3 Ra4 18. Rc2 g5 19. Nd2 b5 20. Rc5 h5 21. Bxb5 Ra5 22. Bxd7 Rxc5 23. Be6+ Kh8 24. O-O f3 25. Nxf3 Nxe4 26. Qe3 Rc4 27. b3 g4 28. bxc4 gxf3 29. Qxe4 Qg5 30. Ng3 Rf4 31. h4 Qxg3 32. fxg3 Rxe4 33. Rxf3 Rxc4 34. Rf5 Kh7 35. Rxh5+ Kg6 36. Rg5+ Kh6 37. Bf5 Rc3 38. g4 e4 39. Rh5# 1-0


[Site "https://www.chess.com"]

[Event "Titled Tuesday Blitz March 28 Early 2023"]
[White "Svane, Rasmus"]
[Black "Nagy, Gabor"]
[WhiteFideId "4657101"]
[BlackFideId "737119"]
[WhiteElo "2597"]
[BlackElo "2510"]
[Result "1-0"]
[Round "05"]
[TimeControl "180+2"]
[Date "2023.03.28"]
[WhiteClock "0:00:19"]
[BlackClock "0:00:39"]

1. Nf3 d5 2. g3 Bg4 3. Bg2 Nd7 4. O-O e6 5. h3 Bh5 6. d4 c6 7. c4 Bd6 8. Nc3 Ngf6 9. Qb3 Rb8 10. e4 Bxf3 11. Bxf3 dxe4 12. Nxe4 Nxe4 13. Bxe4 O-O 14. Be3 Qc7 15. Kg2 c5 16. Qc2 f5 17. Bd3 cxd4 18. Bxd4 e5 19. Bxa7 Qc6+ 20. f3 e4 21. fxe4 Rbe8 22. c5 Nxc5 23. Bc4+ Kh8 24. Bd5 Qb5 25. a4 Qb4 26. Bxc5 Bxc5 27. Rxf5 Rxf5 28. exf5 Bd4 29. Bf3 h6 30. Rd1 Re1 31. b3 b6 32. h4 Bf6 33. Qc8+ Kh7 34. Bd5 Re2+ 35. Kf1 Re8 36. Qxe8 1-0


[Site "https://www.chess.com"]

[Event "Titled Tuesday Blitz March 28 Early 2023"]
[White "Vidit, Santosh Gujrathi"]
[Black "Samunenkov, Ihor"]
[WhiteFideId "5029465"]
[BlackFideId "14187086"]
[WhiteElo "2651"]
[BlackElo "2457"]
[Result "1-0"]
[Round "05"]
[TimeControl "180+2"]
[Date "2023.03.28"]
[WhiteClock "0:00:05"]
[BlackClock "0:00:02"]

1. Nf3 d5 2. g3 c5 3. Bg2 Nc6 4. d4 Nf6 5. O-O e6 6. c4 dxc4 7. Qa4 Bd7 8. Qxc4 b5 9. Qc3 b4 10. Qd3 Rc8 11. dxc5 Bxc5 12. Nbd2 O-O 13. Nb3 Be7 14. Be3 Nd5 15. Rac1 Nxe3 16. Qxe3 Qb6 17. Qxb6 axb6 18. Rfd1 Rfd8 19. Ne1 Na7 20. Nd3 Ba4 21. Bb7 Rxc1 22. Rxc1 Bxb3 23. axb3 Nb5 24. Kf1 Nd4 25. Ke1 Nxb3 26. Rc7 Bd6 27. Rc6 Bc5 28. Ba6 Na5 29. Rc7 Bd6 30. Rc1 Kf8 31. e3 Ke7 32. Ke2 Ra8 33. Bb5 Kd8 34. f4 Rc8 35. Rd1 Ke7 36. Rc1 Rxc1 37. Nxc1 Bc5 38. Nd3 f6 39. g4 Kd6 40. h4 Nc6 41. g5 Ne7 42. e4 Ng6 43. h5 Ne7 44. h6 fxg5 45. e5+ Kd5 46. hxg7 g4 47. Be8 g3 48. Kf3 Kc4 49. Nxc5 bxc5 50. Bf7 Kb3 51. Bxe6+ Kxb2 52. f5 Kc3 53. f6 Ng6 54. g8=Q 1-0


[Site "https://www.chess.com"]

[Event "Titled Tuesday Blitz March 28 Early 2023"]
[White "Molina, Roberto Junio Brito"]
[Black "Wei, Yi"]
[WhiteFideId "2109450"]
[BlackFideId "8603405"]
[WhiteElo "2376"]
[BlackElo "2686"]
[Result "0-1"]
[Round "05"]
[TimeControl "180+2"]
[Date "2023.03.28"]
[WhiteClock "0:01:15"]
[BlackClock "0:01:30"]

1. d4 Nf6 2. c4 b6 3. Nc3 Bb7 4. f3 d5 5. cxd5 Nxd5 6. e4 Nxc3 7. bxc3 g6 8. Be3 Bg7 9. Bc4 O-O 10. h4 h6 11. Qd2 Kh7 12. h5 g5 13. Nh3 e5 14. Bxg5 hxg5 15. Nxg5+ Kh8 16. Nxf7+ Rxf7 17. Bxf7 exd4 18. cxd4 Nc6 19. Bd5 Qd6 20. h6 Bxd4 21. Rd1 Qg3+ 0-1


[Site "https://www.chess.com"]

[Event "Titled Tuesday Blitz March 28 Early 2023"]
[White "Sarana, Alexey"]
[Black "Seo, Jung Min"]
[WhiteFideId "24133795"]
[BlackFideId "1734687"]
[WhiteElo "2714"]
[BlackElo "2468"]
[Result "1-0"]
[Round "05"]
[TimeControl "180+2"]
[Date "2023.03.28"]
[WhiteClock "0:00:24"]
[BlackClock "0:00:04"]

1. d4 Nf6 2. c4 g6 3. Nc3 Bg7 4. e4 d6 5. Be2 O-O 6. Be3 Nc6 7. d5 Ne5 8. f4 Neg4 9. Bd2 Nh6 10. Nf3 c6 11. O-O e6 12. dxe6 Bxe6 13. Kh1 d5 14. e5 Ne4 15. Nxe4 dxe4 16. Ng5 Nf5 17. Nxe6 fxe6 18. Qc2 e3 19. Bb4 Re8 20. Rad1 Qb6 21. Qc3 c5 22. Ba5 Qa6 23. Qa3 Nd4 24. Rfe1 Nc2 25. Qc3 Nxe1 26. Qxe1 b6 27. Bc3 Rad8 28. Ra1 Qa4 29. Qg3 Qc2 30. Qxe3 Rf8 31. Rf1 Rd7 32. h4 h5 33. g3 Rfd8 34. Rc1 Qf5 35. Kg2 Bh6 36. Rf1 a5 37. Bf3 Rd3 38. Qe2 Rxc3 39. bxc3 Qd3 40. Qxd3 Rxd3 41. Rb1 Rd2+ 42. Kh3 Rd3 43. Bb7 Bxf4 44. Kg2 Rxg3+ 45. Kf2 Bxe5 46. Re1 Bf4 47. Rxe6 Rxc3 48. Bd5 Kg7 49. Ke2 Bg3 50. Re4 1-0


[Site "https://www.chess.com"]

[Event "Titled Tuesday Blitz March 28 Early 2023"]
[White "Sadhwani, Raunak"]
[Black "Salemgareev, Tagir"]
[WhiteFideId "35093487"]
[BlackFideId "24199052"]
[WhiteElo "2631"]
[BlackElo "2366"]
[Result "1-0"]
[Round "05"]
[TimeControl "180+2"]
[Date "2023.03.28"]
[WhiteClock "0:00:04"]
[BlackClock "0:00:01"]

1. Nf3 d5 2. b3 c5 3. e3 a6 4. Bb2 Nc6 5. c4 d4 6. exd4 cxd4 7. g3 e5 8. d3 Nf6 9. Bg2 Bd6 10. O-O O-O 11. a3 a5 12. Nbd2 Nd7 13. Re1 h6 14. Qc2 Nc5 15. Ne4 Nxe4 16. Rxe4 Bf5 17. Re2 Rc8 18. Nd2 Qd7 19. c5 Be7 20. Rae1 f6 21. b4 axb4 22. axb4 Kh8 23. Ba3 b5 24. f4 Be6 25. Nf3 Ra8 26. Qb2 Ra4 27. fxe5 f5 28. Ra1 Rfa8 29. Ree1 Qa7 30. Nh4 Rxa3 31. Rxa3 Qxa3 32. Qxa3 Rxa3 33. Bxc6 Bg5 34. Ng6+ Kg8 35. Bxb5 Be3+ 36. Kg2 Ra2+ 37. Kh3 f4+ 38. g4 h5 39. Bc4 hxg4+ 40. Kh4 Rxh2+ 41. Kg5 Bxc4 42. dxc4 f3+ 43. Kxg4 f2 44. Rf1 Rg2+ 45. Kf5 Rg1 46. Rxf2 Bxf2 47. c6 Rc1 48. c5 Ra1 49. c7 Ra8 50. b5 d3 51. b6 d2 52. b7 Rf8+ 53. Nxf8 d1=Q 54. c8=Q Qf3+ 55. Ke6 Qg4+ 56. Ke7 Bh4+ 57. Kd6 Qd4+ 58. Kc6 Qa4+ 59. Kb6 Qb4+ 60. Ka7 Qa5+ 61. Kb8 Bg3 62. Nd7+ Kh7 63. Qc7 Qb5 64. Kc8 Qa6 65. Nf6+ Kg6 66. Nd7 Bf4 67. Qd6+ Kh7 68. Qxa6 1-0


[Site "https://www.chess.com"]

[Event "Titled Tuesday Blitz March 28 Early 2023"]
[White "Anton Guijarro, David"]
[Black "Karolczuk, Iwo"]
[WhiteFideId "2285525"]
[BlackFideId "21816972"]
[WhiteElo "2618"]
[BlackElo "2348"]
[Result "1-0"]
[Round "05"]
[TimeControl "180+2"]
[Date "2023.03.28"]
[WhiteClock "0:00:18"]
[BlackClock "0:00:09"]

1. Nf3 c5 2. b3 Nc6 3. c4 e5 4. Nc3 d6 5. e3 Bg4 6. h3 Bh5 7. Be2 Nf6 8. O-O e4 9. Ng5 Bxe2 10. Qxe2 Qe7 11. f3 exf3 12. Qxf3 Qe5 13. Nge4 Nxe4 14. Nxe4 Qxa1 15. Qxf7+ Kd8 16. Qxb7 Rc8 17. Ng5 Ne7 18. Nf7+ Ke8 19. Nxd6+ Kd8 20. Nf7+ Ke8 21. Nxh8 Qe5 22. Nf7 Qe6 23. Bb2 Nc6 24. Ng5 Qg6 25. Qxc8+ 1-0


[Site "https://www.chess.com"]